 Dungeon Crawl Stone Soup version 0.28-a0-706-gf6f64a616a (webtiles) character file.

Game seed: 15702784480124354801

154 marklar909 the Digger (level 5, -2/38 HPs)
             Began as a Palentonga Earth Elementalist on Oct 25, 2021.
             Slain by an ogre (23 damage)
             ... on level 3 of the Dungeon.
             The game lasted 00:03:10 (2581 turns).

marklar909 the Digger (PaEE)                        Turns: 2581, Time: 00:03:11

Health: -2/38      AC:  7    Str: 11    XL:     5   Next: 13%
Magic:  7/8        EV: 10    Int: 17    God:
Gold:   18         SH:  0    Dex: 10    Spells: 5/9 levels left

rFire   . . .      SeeInvis +   a - +1 whip (vamp)
rCold   . . .      Faith    .   (no shield)
rNeg    . . .      Spirit   .   b - +0 robe
rPois   .          Reflect  .   (no helmet)
rElec   .          Harm     .   (no cloak)
rCorr   .          Rampage  .   g - +2 pair of gloves
Will    .....                   (no barding)
Stlth   +.........              (no amulet)
HPRegen 0.12/turn               (no ring)
MPRegen 0.11/turn               (no ring)

@: no status effects
A: large, rugged brown scales 3, see invisible, deformed body, roll 1, armoured
tail
a: Rolling Charge


You were on level 3 of the Dungeon.
You visited 1 branch of the dungeon, and saw 3 of its levels.

You collected 73 gold pieces.
You spent 55 gold pieces at shops.

Inventory:

Hand Weapons
 a - a +1 vampiric whip (weapon)
Missiles
 c - 26 stones
Armour
 b - a +0 robe (worn)
 g - a +2 pair of gloves (worn)
Scrolls
 e - a scroll of immolation {unknown}
 h - a scroll of enchant armour
 i - 2 scrolls of teleportation
 j - a scroll of amnesia {unknown}
 l - 2 scrolls of vulnerability {unknown}
Potions
 d - a potion of lignification {unknown}
 f - 2 potions of haste
 k - a potion of flight {unknown}


   Skills:
 * Level 0.7 Fighting
 * Level 2.0 Maces & Flails
 * Level 0.8 Armour
 * Level 2.1 Dodging
 + Level 1.3 Stealth
 + Level 2.5 Spellcasting
 * Level 0.8 Conjurations
 + Level 1.0 Transmutations
 + Level 3.7 Earth Magic


You had 5 spell levels left.
You knew the following spells:

 Your Spells              Type           Power      Damage    Failure   Level
a - Sandblast             Erth           28%        2d8       4%          1
b - Stone Arrow           Conj/Erth      18%        3d8       22%         3

Your spell library contained the following spells:

 Spells                   Type           Power      Damage    Failure   Level
 Passwall                 Tmut/Erth      8%         N/A       11%         2
 Summon Small Mammal      Summ           8%         N/A       19%         1
 Conjure Flame            Conj/Fire      3%         6-21      43%         3
 Ignite Poison            Fire/Tmut/Pois 3%         N/A       43%         3
 Portal Projectile        Hex/Tloc       4%         N/A       50%         3
 Petrify                  Tmut/Erth      10%        N/A       56%         4
 Sticky Flame             Conj/Fire      3%         2d3       83%         4
 Airstrike                Air            1%         N/A       88%         4
 Blade Hands              Tmut           2%         N/A       98%         5
 Excruciating Wounds      Necr           1%         N/A       99%         5
 Summon Mana Viper        Hex/Summ       2%         N/A       99%         5
 Summon Hydra             Summ           1%         N/A       100%        7


Dungeon Overview and Level Annotations

Branches:
Dungeon (3/15)

Altars:
Ru

Shops:
D:2 ?


Innate Abilities, Weirdness & Mutations

You are completely covered in rugged brown scales. (AC +3, +7% HP)
You have supernaturally acute eyesight. (SInv)
Armour fits poorly on your strangely shaped body.
You can roll at nearby foes to attack.
You have a long armoured tail.


Message History

The blast of sand hits the adder.
The adder is heavily wounded.
You feel sick.
You are no longer poisoned.
The adder bites you but does no damage.
Unknown command.
Casting: Sandblast (safe; 4% risk of failure)
Confirm with . or Enter, or press ? or * to list all spells.
Aiming: Sandblast (safe; 4% risk of failure)
Press: ? - help, Shift-Dir - straight line, f/p - adder
Aim: an adder (heavily wounded, 66% to hit)
The blast of sand hits the adder!
You kill the adder!
Your Maces & Flails skill increases to level 2!
Unknown command.
You hit the ogre but do no damage. You tail-slap the ogre.
The ogre is lightly wounded.
The ogre barely misses you.
You hit the ogre. You tail-slap the ogre.
The ogre is heavily wounded.
The ogre barely misses you.
You hit the ogre but do no damage.
The ogre is heavily wounded.
The ogre closely misses you.
You hit the ogre.
You feel better.
The ogre is heavily wounded.
The ogre hits you with a +0 giant club!
You hit the ogre.
You feel better.
The ogre is heavily wounded.
You hit the ogre.
The ogre is severely wounded.
The ogre hits you with a +0 giant club!
You hit the ogre.
You feel better.
The ogre is severely wounded.
The ogre barely misses you.
You hit the ogre.
You feel better.
Your tail-slap misses the ogre.
The ogre is severely wounded.
The ogre hits you with a +0 giant club!!
Ouch! That really hurt!
You die...

.......................
#.#
...†..........#.#......
#..
.#...#..#.............#
#.#
..#.#....#....#.#....#.
#.#
###############.#######
##.# ##.## .. ....
#.###.## ##.# ##.#
#...####O.# #.#
####.##@# ##.# ##..##
#... #### ##.# ##..
#... #..# ######..#
#.......# #.......#


You could see an ogre.

Vanquished Creatures
  Jessica (D:3)
  6 adders
  An adder skeleton (D:3)
  2 worms
  A dart slug (D:3)
  5 orcs (D:3)
  3 endoplasms
  4 giant cockroaches
  3 goblins
  6 hobgoblins
  3 jackals
  A quokka (D:2)
  6 ball pythons
  9 bats
  2 frilled lizards (D:3)
  5 kobolds
  3 rats
61 creatures vanquished.

Notes
Turn   | Place    | Note
-------+----------+-------------------------------------------
     0 | D:1      | marklar909 the Palentonga Earth Elementalist began the
                  | quest for the Orb.
     0 | D:1      | Reached XP level 1. HP: 13/13 MP: 3/3
    98 | D:1      | Got Lighat's Grimoire of the Escort and Feathers
   142 | D:1      | Reached skill level 3 in Earth Magic
   247 | D:1      | Reached XP level 2. HP: 20/20 MP: 0/5
   539 | D:1      | Found a faded altar of an unknown god.
  1032 | D:2      | Reached XP level 3. HP: 25/25 MP: 3/6
  1046 | D:2      | Learned a level 3 spell: Stone Arrow
  1741 | D:2      | Reached XP level 4. HP: 32/32 MP: 3/7
  1830 | D:2      | Found Yfociqe's Magic Scroll Shop.
  1836 | D:2      | Bought a scroll of teleportation for 33 gold pieces
  1836 | D:2      | Bought a scroll of identify for 22 gold pieces
  2256 | D:3      | Reached skill level 1 in Maces & Flails
  2300 | D:3      | Noticed Jessica
  2307 | D:3      | Killed Jessica
  2387 | D:3      | Reached XP level 5. HP: 36/38 MP: 8/8
  2455 | D:3      | Found a sacrificial altar of Ru.
  2565 | D:3      | Noticed an ogre
  2581 | D:3      | Slain by an ogre

Illustrated notes

Levels and vault maps discovered:
D:1:      ebering_trefoil_3fold, layout_loops_cross,
          hellmonk_ecumenical_altar_dog_temple, feat_on_display
D:2:      layout_basic, serial_shops, shop
D:3:      wad_river_or_something, layout_loops_ring,
          nicolae_ru_great_annihilating_truth, chequers_decorated_corner,
          minmay_quadrilaterals, uniq_jessica

Skill      XL: |  1  2  3  4  5 |
---------------+----------------+-----
Earth Magic    | 3 |  3.7
Dodging        | 2 |  2.1
Maces & Flails | 1 2 |  2.0
Fighting       | |  0.7
Armour         | |  0.8
Stealth        | |  1.3
Spellcasting   | |  2.5
Conjurations   | |  0.8
Transmutations | |  1.0

Action                   |  1- 3 |  4- 6 || total
-------------------------+-------+-------++-------
Melee: Whip              |    30 |   105 ||   135
       Tailslap          |     1 |    15 ||    16
 Cast: Sandblast         |    39 |     2 ||    41
  Use: Scroll            |       |     3 ||     3
 Stab: Sleeping          |     1 |     2 ||     3
       Distracted        |       |     1 ||     1
       Paralysed         |       |     2 ||     2
Armor: Robe              |    28 |    39 ||    67
Dodge: Dodged            |    37 |    59 ||    96

Table legend: (Time is in decaauts)
 A = Elapsed time spent in this place.
 B = Non-inter-level travel time spent in this place.
 C = Inter-level travel time spent in this place.
 D = Time resting spent in this place.
 E = Time spent auto-exploring this place.
 F = Levels seen in this place.
 G = Mean time per level.
                   A        B        C        D        E       F      G
               +--------+--------+--------+--------+--------+-----+--------+
         Total |   2588 |   2552 |     36 |     11 |   2125 |   3 |  862.7 |
       Dungeon |   2588 |   2552 |     36 |     11 |   2125 |   3 |  862.7 |
               +--------+--------+--------+--------+--------+-----+--------+

Top non-repeatable levels by time:
     D:2: 1085 daAuts
     D:1: 887 daAuts
     D:3: 615 daAuts
